 Dungeon Crawl Stone Soup version 0.31-a0-543-geaa9c7a2c0 (webtiles) character file.

Game seed: 14229922098093591437

124 AdnanSaban the Covered (level 5, -2/33 HPs)
             Began as a Gargoyle Fighter on Aug 15, 2023.
             Constricted to death by Ijyb (5 damage)
             ... on level 3 of the Dungeon.
             The game lasted 00:01:24 (2082 turns).

AdnanSaban the Covered (Gargoyle Fighter)           Turns: 2082, Time: 00:01:25

Health: -2/33      AC: 14    Str: 22    XL:     5   Next: 8%
Magic:  5/5        EV:  6    Int:  8    God:
Gold:   142        SH:  4    Dex:  9    Spells: 4/4 levels left

rFire   . . .        a - +0 flail
rCold   . . .        c - +0 buckler
rNeg    + . .        b - +0 scale mail
rPois   ∞            r - +0 helmet
rElec   +            o - +0 cloak
rCorr   .            g - +0 pair of gloves
SInv    .            (no boots)
Will    .....        (no amulet) Stlth
                     (no ring)
HPRegen 0.25/turn    (no ring)
MPRegen 0.09/turn

%: no passive effects
@: grasped by roots, constricted
A: sickness immunity, AC +4, negative energy resistance 1, electricity
resistance, torment resistance 1, petrification resistance
a: no special abilities


You were on level 3 of the Dungeon.
You visited 1 branch of the dungeon, and saw 3 of its levels.

You collected 142 gold pieces.

Inventory:

Hand Weapons
 a - a +0 flail (weapon)
Missiles
 h - 10 boomerangs
 k - 6 atropa-tipped darts
 u - 5 silver javelins
Armour
 b - a +0 scale mail (worn)
 c - a +0 buckler (worn)
 g - a +0 pair of gloves (worn)
 o - a +0 cloak (worn)
 r - a +0 helmet (worn)
Scrolls
 e - 2 scrolls of identify {unknown}
 l - 2 scrolls of brand weapon {unknown}
 q - a scroll of enchant weapon {unknown}
 s - a scroll of teleportation {unknown}
 v - a scroll of blinking {unknown}
 x - a scroll of fear {unknown}
 y - a scroll of amnesia {unknown}
 z - a scroll of fog {unknown}
Potions
 d - a potion of might
 f - a potion of curing {unknown}
 i - a potion of mutation {unknown}
 j - a potion of haste {unknown}
 m - 3 potions of degeneration {unknown}
 n - 2 potions of berserk rage {unknown}
 p - a potion of lignification {unknown}
 t - a potion of resistance {unknown}
 w - 2 potions of attraction {unknown}
 A - a potion of heal wounds {unknown}


   Skills:
 + Level 3.6 Fighting
 + Level 3.3 Maces & Flails
 + Level 4.2 Armour
 + Level 1.1 Dodging
 + Level 0.2 Stealth
 + Level 3.7 Shields


You had 4 spell levels left.
You didn't know any spells.
Your spell library contained the following spells:

 Spells                   Type           Power      Damage    Failure   Level
 Apportation              Tloc           0%         N/A       80%         1
 Kiss of Death            Conj/Necr      0%         2d5       80%         1
 Necrotise                Necr           0%         1d4       80%         1
 Summon Small Mammal      Summ           0%         N/A       80%         1
 Confusing Touch          Hex            0%         N/A       99%         3
 Dispel Undead            Necr           0%         3d6       100%        4


Dungeon Overview and Level Annotations

Branches:
Dungeon (3/15)

Altars:

Annotations:
D:3 Ijyb


Innate Abilities, Weirdness & Mutations

You are immune to sickness and miasma.
Your stone body is resilient. (AC +4)
You are immune to poison.
You resist negative energy. (rN+)
You are resistant to electric shocks. (rElec)
You are resistant to unholy torment.
You are immune to petrification.


Message History

You hit Ijyb.
Ijyb is lightly wounded.
Ijyb hits you but does no damage. The grasping roots constrict you.
Ijyb hits you with a +8 club. The grasping roots constrict you.
You closely miss Ijyb.
Ijyb is lightly wounded.
Ijyb screams, "You nasty!
Big nasty!"
Ijyb hits you with a +8 club! The grasping roots constrict you.
You are too injured to fight recklessly!
You are too injured to fight recklessly!
You are too injured to fight recklessly!
You are too injured to fight recklessly!
You are too injured to fight recklessly!
You are too injured to fight recklessly!
You are too injured to fight recklessly!
You are too injured to fight recklessly!
You are too injured to fight recklessly!
Unknown command.
You hit Ijyb.
Ijyb is moderately wounded.
Ijyb hits you with a +8 club!
* * * LOW HITPOINT WARNING * * *
The grasping roots constrict you.
The grasping roots release their grip on you.
You hit Ijyb.
Ijyb is moderately wounded.
Ijyb hits you but does no damage.
You closely miss Ijyb.
Ijyb is moderately wounded.
Ijyb zaps a wand.
The roots erupt in riotous growth!
The grasping roots grab you!
Ijyb is unaffected.
The grasping roots constrict you. Ijyb screams, "Me stronger than you!"
You block Ijyb's attack. The grasping roots constrict you.
You closely miss Ijyb.
Ijyb is moderately wounded.
Ijyb hits you with a +8 club!
* * * LOW HITPOINT WARNING * * *
The grasping roots constrict you.
You die...

#.#.... #...# #.#....
#...# #.#.... #...#
#.#.### #...##### #.#'##
########........ #....##
#......#........ #....'.
#########......#........
##....##
........'......'@g......
+.....'.
#########.....†##...(...
###...## #.......######
####### #...## #
#.......# ###... #
#.....>.# ###### #)#.
###.....).#
##....########.#.
'.'.......#
#...............#
###.......#
#..##...........#
###...#+###
#####........####...#


You could see Ijyb.

Vanquished Creatures
  Jessica (D:2)
  Natasha (D:2)
  Terence (D:2)
  2 dart slugs
  2 endoplasms
  5 goblins
  5 hobgoblins
  6 jackals
  A quokka (D:3)
  5 ball pythons
  4 bats
  5 frilled lizards
  2 kobolds (D:1)
  4 rats
44 creatures vanquished.

Notes
Turn   | Place    | Note
-------+----------+-------------------------------------------
     0 | D:1      | AdnanSaban the Gargoyle Fighter began the quest for the
                  | Orb.
     0 | D:1      | Reached XP level 1. HP: 14/14 MP: 1/1
    90 | D:1      | Reached XP level 2. HP: 19/19 MP: 2/2
   894 | D:2      | Noticed Terence
   914 | D:2      | Killed Terence
   915 | D:2      | Reached skill level 4 in Armour
   915 | D:2      | Reached XP level 3. HP: 16/23 MP: 3/3
   994 | D:2      | Noticed Jessica
  1006 | D:2      | Killed Jessica
  1007 | D:2      | Reached XP level 4. HP: 19/28 MP: 4/4
  1204 | D:2      | Noticed Natasha
  1215 | D:2      | Killed Natasha
  1216 | D:2      | Reached skill level 1 in Dodging
  1304 | D:2      | Identified the +0 robe "Hidwug" {-Tele rPois Str+3}
  1633 | D:3      | Reached XP level 5. HP: 31/32 MP: 5/5
  2070 | D:3      | Noticed Ijyb
  2082 | D:3      | Constricted to death by Ijyb

Illustrated notes

Levels and vault maps discovered:
D:1:      amcnicky_arrival_feature_with_door, layout_loops_ring
D:2:      layout_rooms, uniq_jessica, uniq_terence, uniq_natasha
D:3:      layout_basic, uniq_ijyb

Skill      XL: |  1  2  3  4 |
---------------+-------------+-----
Armour         | 4 |  4.2
Maces & Flails | 3 |  3.3
Dodging        | 1 |  1.1
Fighting       | |  3.6
Stealth        | |  0.2
Shields        | |  3.7

Action                     |  1- 3 |  4- 6 || total
---------------------------+-------+-------++-------
  Melee: Flail             |    83 |    92 ||   175
 Armour: Scale mail        |    61 |    59 ||   120
  Dodge: Dodged            |    49 |    48 ||    97
  Block: Buckler           |    24 |    20 ||    44

Table legend: (Time is in decaauts)
 A = Elapsed time spent in this place.
 B = Non-inter-level travel time spent in this place.
 C = Inter-level travel time spent in this place.
 D = Time resting spent in this place.
 E = Time spent auto-exploring this place.
 F = Levels seen in this place.
 G = Mean time per level.
                   A        B        C        D        E       F      G
               +--------+--------+--------+--------+--------+-----+--------+
         Total |   2137 |   1962 |    175 |      0 |   1571 |   3 |  712.3 |
       Dungeon |   2137 |   1962 |    175 |      0 |   1571 |   3 |  712.3 |
               +--------+--------+--------+--------+--------+-----+--------+

Top non-repeatable levels by time:
     D:1: 835 daAuts
     D:3: 700 daAuts
     D:2: 600 daAuts
